 Dungeon Crawl Stone Soup version 0.23.2-33-g5129a83184 (webtiles) character file.

Game seed: 9952929023577463446

704 NekkiNekkiNekki the Chopper (level 7, -6/61 HPs)
             Began as a Minotaur Berserker on Feb 22, 2019.
             Was a Priest of Trog.
             Mangled by an ogre
             ... wielding a +0 giant club
              (13 damage)
             ... on level 5 of the Dungeon on July 7, 2019.
             The game lasted 00:20:58 (2788 turns).

NekkiNekkiNekki the Chopper (Minotaur Berserker)    Turns: 2788, Time: 00:20:59

Health: -6/61      AC:  8    Str: 23    XL:     7   Next: 39%
Magic:  6/6        EV: 12    Int:  4    God:    Trog [***...]
Gold:   367        SH:  0    Dex: 10    Spells: 6/6 levels left

rFire    x . .     SeeInvis .   p - +2 long sword (drain)
rCold    + . .     Gourm    .   (no shield)
rNeg     . . .     Faith    .   m - +0 ring mail
rPois    .         Spirit   .   (helmet restricted)
rElec    .         Reflect  .   (no cloak)
rCorr    .         Harm     .   q - +0 pair of gloves
MR       +....                  h - +0 pair of boots
Stlth    +.........             o - amulet of rage
HPRegen  0.20/turn              r - ring of protection from magic
MPRegen  0.10/turn              i - ring of ice

@: lethally poisoned (-6 -> -6)
A: retaliatory headbutt, horns 2
a: Berserk, Trog's Hand, Renounce Religion, Evoke Berserk Rage


You were on level 5 of the Dungeon.
You worshipped Trog.
Trog was most pleased with you.
You were not hungry.

You visited 1 branch of the dungeon, and saw 5 of its levels.

You collected 367 gold pieces.

Inventory:

Hand Weapons
 a - a +0 hand axe
 e - a +0 hand axe
 j - a +0 dagger of speed
 n - a +0 scythe
 p - a +2 long sword of draining (weapon)
 s - a +2 short sword of venom
Armour
 b - a +0 animal skin
 h - a +0 pair of boots (worn)
 k - a +0 robe
 m - a +0 ring mail (worn)
 q - a +0 pair of gloves (worn)
Jewellery
 d - an uncursed ring of protection from fire
 i - a ring of ice (right hand)
 o - an amulet of rage (around neck)
 r - a ring of protection from magic (left hand)
Wands
 u - a wand of iceblast (7)
 v - a wand of enslavement (5)
Scrolls
 g - 2 scrolls of identify
 l - 2 scrolls of fog {unknown}
 w - a scroll of amnesia {unknown}
Potions
 t - a potion of flight
 x - 2 potions of lignification {unknown}
Comestibles
 c - 4 rations


   Skills:
 + Level 5.5 Fighting
 + Level 2.5 Long Blades
 + Level 6.1(6.3) Axes
 + Level 2.4(4.6) Polearms
 + Level 4.4 Armour
 + Level 4.6 Dodging
 + Level 0.6 Stealth


You had 6 spell levels left.
You didn't know any spells.
Your spell library was empty.

Dungeon Overview and Level Annotations

Branches:
Dungeon (5/15)
 Temple: D:4-7

Altars:
Gozag
Okawaru
Wu Jian

Shops:
D:4 *(   D:5 [

Annotations:
D:3 Grinder


Innate Abilities, Weirdness & Mutations

You reflexively headbutt those who attack you in melee.
You have a pair of horns on your head.


Message History

The orc wizard seems to speed up.
The ooze barely misses you.
You hit the orc wizard.
You kill the orc wizard!
Trog accepts your kill.
Trog appreciates your killing of a magic user.
The ogre hits you with a +0 giant club! The ooze misses you.
You furiously retaliate!
You headbutt the ooze.
You riposte.
Your ring mail prevents you from hitting the ooze.
The ooze is lightly wounded.
As you read the scroll labeled WAFEDA ODDIAHO, it crumbles to dust.
You feel as if something is helping you.
It was a scroll of remove curse.
The ogre hits you with a +0 giant club!
* * * LOW HITPOINT WARNING * * *
The ooze barely misses you.
As you read the scroll labeled KOT XUMUEX, it crumbles to dust.
It is a scroll of identify.
t - a potion of flight You feel sick.
The worm bites you but does no damage. The ooze closely misses you.
The ogre hits you with a +0 giant club!
You die...

#......).# .........##
#.# .#.#
#.........###.##.#.###.
#.....................
..$..##...##....##..#
####......##...# ?.#
.............#.##.####.#
#######.#....#.w.J......
..............@O...... #
######.........)......
...<................
#####.........#.####
#....>.....#.#
#.#........# #
#..#..........
..##..>.....)#


You could see an ogre, a worm and an ooze.

Vanquished Creatures
  Sigmund (D:2)
  A necrophage (D:4)
  2 orc priests (D:5)
  2 hounds
  An orc wizard (D:5)
  Terence (D:2)
  Jessica (D:2)
  3 worker ants
  A hound skeleton (D:4)
  A worker ant zombie (D:5)
  2 adders
  4 gnolls (D:5)
  A shadow imp (D:5)
  An ooze (D:1)
  An adder skeleton (D:4)
  4 dart slugs
  10 leopard geckos
  5 orcs
  3 ball pythons
  4 giant cockroaches
  4 goblins (D:1)
  6 hobgoblins
  4 jackals (D:5)
  5 quokkas
  9 bats
  2 frilled lizards
  A jackal skeleton (D:4)
  7 kobolds
  5 rats
92 creatures vanquished.

Notes
Turn   | Place    | Note
-------+----------+-------------------------------------------
     0 | D:1      | NekkiNekkiNekki the Minotaur Berserker began the quest for
                  | the Orb.
     0 | D:1      | Reached XP level 1. HP: 19/19 MP: 0/0
    75 | D:1      | Reached XP level 2. HP: 27/27 MP: 1/1
   180 | D:1      | Reached skill level 4 in Axes
   207 | D:1      | Upgraded the game from 0.23.0-3-gf3c87f2df8 to
                  | 0.23.2-33-g5129a83184
   484 | D:1      | Reached XP level 3. HP: 33/33 MP: 2/2
   501 | D:1      | Reached ** piety under Trog
   597 | D:2      | Noticed Jessica
   601 | D:2      | Killed Jessica
   601 | D:2      | Reached XP level 4. HP: 40/41 MP: 3/3
   827 | D:2      | Noticed Terence
   843 | D:2      | Killed Terence
   843 | D:2      | Reached skill level 5 in Axes
   956 | D:2      | Noticed Sigmund
   981 | D:2      | Killed Sigmund
   981 | D:2      | Reached skill level 5 in Fighting
   981 | D:2      | Reached XP level 5. HP: 44/48 MP: 4/4
   981 | D:2      | Reached XP level 6. HP: 52/56 MP: 5/5
  1615 | D:3      | Noticed Grinder
  1669 | D:3      | Reached skill level 6 in Axes
  1720 | D:3      | Found an ornate altar of the Wu Jian Council.
  1729 | D:3      | Found an iron altar of Okawaru.
  1929 | D:4      | Found Qilueram's Antique Weapon Emporium.
  1990 | D:4      | Reached skill level 1 in Polearms
  2008 | D:4      | Reached *** piety under Trog
  2075 | D:4      | Found an opulent altar of Gozag.
  2334 | D:4      | Reached skill level 1 in Long Blades
  2351 | D:4      | Found Dyfept's Assorted Antiques.
  2607 | D:5      | Entered Level 5 of the Dungeon
  2607 | D:5      | Found Loruem's Antique Armour Shop.
  2649 | D:5      | Reached XP level 7. HP: 61/61 MP: 6/6
  2788 | D:5      | Mangled by an ogre

Skill      XL: |  1  2  3  4  5  6  7 |
---------------+----------------------+-----
Axes           | 4 5 6 |  6.1
Fighting       | 4 5 |  5.5
Dodging        | 3 4 |  4.6
Armour         | 3 4 |  4.4
Polearms       | 2 |  2.4
Long Blades    | 1 2 |  2.5
Stealth        | |  0.6

Action                   |  1- 3 |  4- 6 |  7- 9 || total
-------------------------+-------+-------+-------++-------
Melee: Hand axe          |    44 |    29 |       ||    73
       Headbutt          |     7 |    17 |     4 ||    28
       Scythe            |       |    33 |       ||    33
       Long sword        |       |    31 |    28 ||    59
  Use: Potion            |       |     3 |     1 ||     4
       Scroll            |       |       |     2 ||     2
  Eat: Ration            |       |     2 |       ||     2
Armor: Animal skin       |    10 |     2 |       ||    12
       Ring mail         |       |    26 |    12 ||    38
Dodge: Dodged            |    42 |    63 |    24 ||   129
       Rpst.: Long sword |       |     7 |     7 ||    14
